 Dungeon Crawl Stone Soup version 0.29.1-13-g9f3cf754e1 (webtiles) character file.

Game seed: 5487950844145039898

17 leafyfresh the Magician (level 2, -2/21 HPs)
             Began as a Djinni Ice Elementalist on Feb 7, 2023.
             Slain by a gnoll
             ... wielding a +0 halberd
              (13 damage)
             ... on level 2 of the Dungeon.
             The game lasted 00:01:24 (1329 turns).

leafyfresh the Magician (Djinni Ice Elementalist)   Turns: 1329, Time: 00:01:25

Health: -2/21      AC:  2    Str:  7    XL:     2   Next: 80%
Gold:   29         EV: 12    Int: 16    God:
                   SH:  0    Dex: 13

rFire   + + .      SeeInvis .   e - +0 short sword
rCold   x . .      Faith    .   (no shield)
rNeg    . . .      Spirit   .   a - +0 robe
rPois   ∞          Reflect  .   (no helmet)
rElec   .          Harm     .   (no cloak)
rCorr   .          Rampage  .   (no gloves)
Will    .....                   (boots unavailable)
Stlth   ++........              (no amulet)
HPRegen 0.07/turn               (no ring)
MPRegen 0.00/turn               (no ring)

@: flying
A: sickness immunity, fire resistance 2, cold vulnerability 1, float, innate
caster, HP casting, extra vitality 1
a: no special abilities


You were on level 2 of the Dungeon.
You visited 1 branch of the dungeon, and saw 2 of its levels.

You collected 54 gold pieces.
You spent 25 gold pieces at shops.

Inventory:

Hand Weapons
 e - a +0 short sword (weapon)
Armour
 a - a +0 robe (worn)
Scrolls
 b - a scroll of vulnerability {unknown}
 g - a scroll of enchant weapon {unknown}
Potions
 c - a potion of curing {unknown}
 d - a potion of flight {unknown}
 f - a potion of attraction {unknown}
 h - 2 potions of heal wounds {unknown}


   Skills:
 - Level 2.1 Dodging
 + Level 2.2 Stealth
 + Level 3.5 Spellcasting


You couldn't memorise any spells.
You knew the following spells:

 Your Spells              Type           Power      Damage    Failure   Level
a - Freeze                Ice            56%        1d7       4%          1
b - Frozen Ramparts       Ice            28%        1d5       12%         3
c - Ozocubu's Armour      Ice            14%        N/A       12%         3
d - Hailstorm             Conj/Ice       14%        3d5       38%         4
Your spell library was empty.

Dungeon Overview and Level Annotations

Branches:
Dungeon (2/15)

Altars:

Shops:
D:2 *


Innate Abilities, Weirdness & Mutations

You are immune to sickness and miasma.
You are immune to poison.
Your flesh is very heat resistant. (rF++)
You are vulnerable to cold. (rC-)
You float through the air rather than walking.
You learn spells naturally, not from books.
Your magical power is your life essence.
You have superior vitality. (+4 MHP)


Message History

Done exploring.
No target in view!
Done exploring.
No target in view!
There is a stone staircase leading down here.
You fly downwards.
Found a buckler.
Found Yvoceama's Assorted Antiques.
There is a stone staircase leading up here.
There is an entrance to Yvoceama's Assorted Antiques here.
g - a scroll labelled ANETIN LAIMAING Thank you for shopping at Yvoceama's Assorted Antiques!
You see here a +0 buckler.
h - 2 fizzy red potions No target in view!
You now have 29 gold pieces (gained 11). 2 gnolls come into view.
The gnoll shouts! x2
The gnoll moves out of view.
You hear a shout!
You hear a shout!
A gnoll is nearby!
Unknown command.
The gnoll attacks as you move away! The gnoll misses you.
The gnoll closely misses you.
A gnoll comes into view. It is wielding a +0 spear.
Unknown command.
Casting: Freeze (safe; 4% risk of failure)
Confirm with . or Enter, or press ? or * to list all spells.
You aren't experienced enough to cast this spell.
Unknown command.
Unknown command.
A hobgoblin comes into view.
The gnoll attacks as you move away! The gnoll barely misses you.
The gnoll hits you with a +0 flail!
The hobgoblin shouts!
The hobgoblin attacks as you move away!
The hobgoblin hits you but does no damage.
The gnoll hits you from afar with a +0 halberd!
Ouch! That really hurt!
You die...

#...## ###
#.#..# #
#....# .#
####.#
###g##### #.#
#g....... #.#
#.#
##g#####.#.#
#..ggg...$.#
#.@#####..#.#
#..# #.## .#
#..# .## ..
#..# # #.
#..# #..#
#..# #..#


You could see 3 gnolls and a hobgoblin.

Vanquished Creatures
  2 dart slugs (D:1)
  An endoplasm (D:1)
  2 hobgoblins (D:1)
  2 kobolds (D:1)
  2 quokkas (D:1)
  A ball python (D:1)
  A bat (D:1)
  A frilled lizard (D:1)
12 creatures vanquished.

Notes
Turn   | Place    | Note
-------+----------+-------------------------------------------
     0 | D:1      | leafyfresh the Djinni Ice Elementalist began the quest for
                  | the Orb.
     0 | D:1      | leafyfresh set off with the following spells memorised:
                  | Freeze, Frozen Ramparts, Ozocubu's Armour, Hailstorm.
     0 | D:1      | Reached XP level 1. HP: 15/15 MP: 0/0
   504 | D:1      | Reached XP level 2. HP: 14/21 MP: 0/0
  1251 | D:2      | Found Yvoceama's Assorted Antiques.
  1257 | D:2      | Bought a scroll labelled ANETIN LAIMAING for 25 gold pieces
  1329 | D:2      | Slain by a gnoll

Illustrated notes

Levels and vault maps discovered:
D:1:      eino_arrival_cavern_e, layout_basic
D:2:      layout_loops_ring, serial_shops, shop

Skill      XL: |  1  2 |
---------------+-------+-----
Stealth        | 2 |  2.2
Dodging        | |  2.1
Spellcasting   | |  3.5

Action                   || total
-------------------------++-------
Melee: Unarmed           ||    15
       Short sword       ||     5
 Cast: Freeze            ||    16
 Stab: Sleeping          ||     2
Armor: Robe              ||     4
Dodge: Dodged            ||    19
